 Dungeon Crawl Stone Soup version 0.21-a0-151-ga4fe563 (webtiles) character file.

51786 Charly the Severer (level 14, 0/125 HPs)
             Began as a Hill Orc Assassin on July 30, 2017.
             Was a Believer of Beogh.
             Slain by a five-headed hydra (11 damage)
             ... on level 15 of the Dungeon.
             The game lasted 01:43:32 (9569 turns).

Charly the Severer (Hill Orc Assassin)              Turns: 9569, Time: 01:43:33

Health: 0/125      AC: 20    Str: 17    XL:     14   Next: 61%
Magic:  22/22      EV: 14    Int: 11    God:    Beogh [**....]
Gold:   915        SH:  0    Dex: 16    Spells: 13/13 levels left

rFire    + + .     SeeInvis .   a - +1 broad axe (flame)
rCold    x . .     Gourm    .   (no shield)
rNeg     . . .     Faith    .   B - +1 fire dragon scales
rPois    .         Spirit   .   (helmet restricted)
rElec    .         Reflect  .   d - +1 cloak
rCorr    .         Harm     .   (no gloves)
MR       ++...                  k - +2 pair of boots
Stlth    +.........             (no amulet)
HPRegen  0.30/turn              y - ring of protection from magic
MPRegen  0.18/turn              K - +4 ring of dexterity

@: no status effects
A: horns 1, molten scales 1, clumsy 1, low mp 1, evolution 2, subdued magic 1
a: Smiting, Renounce Religion


You were on level 15 of the Dungeon.
You worshipped Beogh.
Beogh was pleased with you.
You were full.

You visited 4 branches of the dungeon, and saw 24 of its levels.
You also visited: Volcano.

You collected 1311 gold pieces.
You spent 396 gold pieces at shops.

Inventory:

Hand Weapons
 a - a +1 broad axe of flaming (weapon)
 b - a +0 blowgun
 M - a +0 battleaxe of protection
Armour
 d - a +1 cloak (worn)
 f - a +0 troll leather armour
 k - a +2 pair of boots (worn)
 x - a +2 shield
 B - +1 fire dragon scales (worn)
 D - +0 swamp dragon scales
 E - a +1 helmet
Magical Staves
 u - an uncursed staff of air
Jewellery
 h - a +4 ring of intelligence
 p - an uncursed ring of see invisible
 t - an uncursed ring of resist corrosion
 y - a ring of protection from magic (left hand)
 K - a +4 ring of dexterity (right hand)
Wands
 A - a wand of iceblast (0/15)
Scrolls
 c - a scroll of remove curse
 i - a scroll of fog
 l - 3 scrolls of teleportation
 o - a scroll of fear
 v - 6 scrolls of identify
 w - 3 scrolls of immolation
 H - 2 scrolls of recharging
 I - 2 scrolls of magic mapping
 J - a scroll of brand weapon
Potions
 e - a potion of flight
 j - a potion of heal wounds
 m - 3 potions of haste
 n - 3 potions of agility
 r - a potion of resistance
 z - a potion of cancellation
 L - 2 potions of might
Miscellaneous
 q - a lamp of fire
 F - a phial of floods
Comestibles
 g - 3 meat rations
 s - 5 bread rations
 C - 2 royal jellies


   Skills:
 + Level 11.7 Fighting
   Level 2.0 Short Blades
 - Level 17.9(18.0) Axes
   Level 3.4(10.9) Maces & Flails
 - Level 1.7 Throwing
 + Level 10.6 Armour
 + Level 7.4 Dodging
 - Level 3.2 Stealth
 + Level 15.0 Invocations


You had 13 spell levels left.
You didn't know any spells.

Dungeon Overview and Level Annotations

Branches:
Dungeon (15/15)            Temple (1/1) D:5            Lair (6/6) D:8
 Shoals (0/4) Lair:2       Spider (0/4) Lair:4        Slime (0/5) Lair:6
    Orc (2/2) D:12            Elf (0/3) Orc:2        Vaults (0/5) D:14
 Depths (0/5) D:15

Altars:
Ashenzari
Cheibriados
Dithmenos
Elyvilon
Fedhas
Gozag
Hepliaklqana
Nemelex Xobeh
Okawaru
Qazlal
Trog
Vehumet
Yredelemnul
Zin
Beogh
Jiyva

Shops:
D:8 %(?}   D:9 [   D:10 *[   D:12 (   Orc:2 ?!

Annotations:
D:6 Menkaure
D:7 Joseph; anything's ghost, novice OpCK
D:8 exclusion: upstairs
D:9 Pikel; Prince Ribbit
D:15 Louise
Orc:2 Saint Roka


Innate Abilities, Weirdness & Mutations

You have a pair of small horns on your head.
You are partially covered in molten scales. (AC +2)
You are clumsy. (Dex -2)
Your magical capacity is low. (-10% MP)
You rapidly evolve.
Your spells are a little easier to cast, but a little less powerful.


Message History

The centaur warrior shoots an arrow.
The arrow hits you but does no damage.
You see here an arrow.
The six-headed hydra bites you.
* * * LOW HITPOINT WARNING * * *
The six-headed hydra bites you but does no damage.
The six-headed hydra closely misses you.
The six-headed hydra misses you. x2
The six-headed hydra bites you but does no damage.
The centaur warrior shoots an arrow.
The arrow hits you but does no damage.
You see here an arrow.
Unknown command.
You barely miss the centaur warrior. You headbutt the centaur warrior.
The centaur warrior is lightly wounded.
You barely miss Louise.
You slice one of the six-headed hydra's heads off!
The flame cauterises the wound!
You slash the five-headed hydra! You burn the five-headed hydra.
The five-headed hydra bites you but does no damage.
The five-headed hydra bites you!
You die...

######........#
#........#
#....)...+
#........#
######........#
#....(........#
#...(#......#.#
######..(.#......#.#
......@@D.#......# #
......c...#........
..........#........#
######....#....##..#
#....#....# ..+
#....# ######


You could see Louise, a five-headed hydra and a centaur warrior.

Vanquished Creatures
  Rupert (D:13)
  Agnes (D:15)
  Kirke (D:12)
  An ettin (D:14)
  Josephine (D:13)
  5 hydras
  2 fire dragons
  Harold (Lair:3)
  The ghost of Yermak the Unseen, a journeyman SpFi of Uskayaw (Lair:6)
  4 centaur warriors (D:14)
  4 two-headed ogres
  Urug (Orc:1)
  A death drake (shapeshifter) (D:14)
  A fire crab (D:14)
  A deep troll (D:14)
  An unseen horror (D:15)
  A wizard (D:15)
  An orc knight (Orc:2)
  A harpy (shapeshifter) (D:14)
  A salamander (shapeshifter) (D:14)
  A deep elf mage (D:14)
  3 salamanders (Volcano)
  3 ugly things (D:14)
  An oklob plant (Lair:6)
  3 manticores
  2 elephants (Lair:5)
  2 gargoyles
  A rime drake (Lair:4)
  An efreet (D:14)
  2 spiny frogs
  2 demonic crawlers (D:11)
  3 komodo dragons
  A meliai (D:14)
  7 trolls
  11 slime creatures
  6 blink frogs
  3 hippogriffs
  2 centaur simulacra (D:14)
  2 shadows
  4 wraiths (D:13)
  17 yaks
  A vampire (D:14)
  2 hogs (D:12)
  7 wyverns
  A fire bat (Volcano)
  4 vampire mosquitoes
  4 steam dragons
  2 wargs (Orc:2)
  3 acid dragons
  3 water moccasins
  6 hell hounds
  8 orc warriors
  2 porcupines
  2 ice beasts
  2 slaves (D:9)
  A black bear (D:11)
  An eye of draining (D:11)
  A phantom (D:9)
  6 sky beasts
  15 ogres
  A boggart (D:14)
  11 wolves
  3 centaurs
  11 crocodiles
  2 big kobolds
  12 bullfrogs
  3 scorpions
  4 killer bees
  5 wights
  5 crimson imps
  2 bullfrog zombies
  7 orc priests
  6 hounds
  3 centaur skeletons
  9 jellies
  6 orc wizards
  2 bullfrog skeletons
  2 iguanas
  9 worker ants
  2 hell rats (Lair:4)
  2 worker ant zombies
  A gnoll (D:8)
  7 adders
  7 shadow imps
  11 oozes
  A worm (D:2)
  2 dart slugs (D:2)
  3 leopard geckos
  29 orcs
  A bat (D:1)
  8 giant cockroaches
  5 hobgoblins
  9 jackals
  2 quokkas
  A frilled lizard (D:2)
  4 kobolds (D:13)
  2 rats
  4 fungi
  3 plants (Volcano)
386 creatures vanquished.

Vanquished Creatures (collateral kills)
  2 blink frogs (Lair:4)
  5 orc warriors (Orc:2)
  An orc priest (Orc:2)
  2 orc wizards (Orc:2)
  A hell rat (Lair:4)
  An orc (Orc:2)
12 creatures vanquished.

Vanquished Creatures (others)
  An orc high priest (Orc:2)
  An orc sorcerer (Lair:5)
  An orc warrior (Orc:2)
  5 orc priests
  3 orc wizards
  17 orcs
  A jackal (D:9)
  4 fungi (Lair:6)
  4 plants (Volcano)
37 creatures vanquished.

Grand Total: 435 creatures vanquished

Notes
Turn   | Place    | Note
-------+----------+-------------------------------------------
     0 | D:1      | Charly the Hill Orc Assassin began the quest for the Orb.
     0 | D:1      | Reached XP level 1. HP: 18/18 MP: 1/1
    40 | D:2      | Found a faded altar of an unknown god.
    62 | D:3      | Reached XP level 2. HP: 22/26 MP: 2/2
   177 | D:2      | Reached XP level 3. HP: 27/33 MP: 3/3
   204 | D:2      | Found an iron altar of Okawaru.
   321 | D:4      | Noticed an ogre
   344 | D:4      | Killed an ogre
   344 | D:4      | Reached XP level 4. HP: 32/44 MP: 4/4
   344 | D:4      | Reached XP level 5. HP: 37/50 MP: 5/5
   419 | D:5      | Entered Level 5 of the Dungeon
   499 | D:5      | Found a staircase to the Ecumenical Temple.
   506 | Temple   | Entered the Ecumenical Temple
   520 | D:5      | Reached skill level 1 in Armour
   563 | D:5      | Noticed an ogre
   576 | D:5      | Killed an ogre
   576 | D:5      | Reached skill level 1 in Dodging
   576 | D:5      | Reached XP level 6. HP: 41/58 MP: 6/6
   623 | D:5      | Noticed an ice beast
   708 | D:6      | Noticed Menkaure
   766 | D:7      | Found a bloodstained altar of Trog.
   855 | D:6      | Reached skill level 1 in Maces & Flails
   855 | D:6      | Reached XP level 7. HP: 44/66 MP: 7/7
  1107 | D:7      | Found an opulent altar of Gozag.
  1112 | D:7      | Noticed anything's ghost (novice OpCK)
  1115 | D:7      | Noticed Joseph
  1209 | D:8      | Found a staircase to the Lair.
  1280 | D:7      | Noticed a hellwing
  1339 | D:7      | Reached skill level 1 in Axes
  1423 | D:7      | Noticed a hellwing
  1458 | D:6      | Reached skill level 2 in Axes
  1620 | D:7      | Noticed a hungry ghost
  1647 | D:8      | Reached skill level 4 in Axes
  1651 | D:8      | Reached skill level 5 in Axes
  1722 | D:9      | Noticed Pikel
  1731 | D:9      | Reached XP level 8. HP: 57/73 MP: 8/8
  1766 | D:9      | Became a worshipper of Beogh the Brigand
  1794 | D:9      | Found Hutaoss's Antique Armour Boutique.
  1904 | D:9      | Reached skill level 6 in Axes
  1938 | D:9      | Found a snail-covered altar of Cheibriados.
  2002 | D:9      | Noticed Prince Ribbit
  2089 | D:9      | Reached skill level 7 in Axes
  2095 | D:10     | Entered Level 10 of the Dungeon
  2106 | D:9      | Noticed a two-headed ogre
  2191 | D:10     | Noticed a hippogriff
  2364 | D:9      | Reached skill level 8 in Axes
  2437 | D:9      | Reached skill level 9 in Axes
  2495 | D:8      | Found a white marble altar of Elyvilon.
  2502 | D:8      | Found Disaorunoe's Gadget Boutique.
  2502 | D:8      | Found Haucw's Magic Scroll Boutique.
  2506 | D:8      | Found Bawah's Antique Weapon Boutique.
  2510 | D:8      | Found Maotzu's Food Boutique.
  2521 | D:8      | Bought a scroll of fear for 52 gold pieces
  2521 | D:8      | Bought a scroll of teleportation for 45 gold pieces
  2538 | D:8      | Found a shadowy altar of Dithmenos.
  2698 | D:10     | Killed a hippogriff
  2698 | D:10     | Reached skill level 10 in Axes
  2698 | D:10     | Reached XP level 9. HP: 49/79 MP: 9/9
  2774 | D:10     | Noticed a two-headed ogre
  2852 | D:9      | Reached skill level 11 in Axes
  3043 | D:11     | Noticed a manticore
  3046 | D:11     | Gained mutation: Your spells are a little easier to cast, but a little less powerful. [mutagenic meat]
  3047 | D:11     | Gained mutation: You are dopey. (Int -2) [mutagenic meat]
  3048 | D:11     | Gained mutation: Your flesh is cold resistant. (rC+) [mutagenic meat]
  3053 | D:11     | Killed a manticore
  3053 | D:11     | Reached skill level 5 in Armour
  3054 | D:11     | Gained mutation: You have large cloven feet. [mutagenic meat]
  3055 | D:11     | Gained mutation: You are robust. (+10% HP) [mutagenic meat]
  3056 | D:11     | Lost mutation: You are robust. (+10% HP) [mutagenic meat]
  3057 | D:11     | Lost mutation: You are dopey. (Int -2) [potion of mutation]
  3057 | D:11     | Lost mutation: You have large cloven feet. [potion of mutation]
  3057 | D:11     | Lost mutation: Your spells are a little easier to cast, but a little less powerful. [potion of mutation]
  3057 | D:11     | Lost mutation: Your flesh is cold resistant. (rC+) [potion of mutation]
  3057 | D:11     | Gained mutation: You have a pair of small horns on your head. [potion of mutation]
  3057 | D:11     | Gained mutation: Your spells are a little harder to cast, but a little more powerful. [potion of mutation]
  3057 | D:11     | Gained mutation: Your muscles are strong. (Str +2) [potion of mutation]
  3151 | D:11     | Reached * piety under Beogh
  3167 | D:11     | Noticed a demonic crawler
  3170 | D:11     | Noticed a demonic crawler
  3192 | D:11     | Found a radiant altar of Vehumet.
  3592 | D:10     | Reached skill level 12 in Axes
  3647 | D:10     | Noticed a troll
  3659 | D:10     | Reached XP level 10. HP: 24/86 MP: 10/10
  3661 | D:10     | Found Hoevitam's General Store.
  3670 | D:10     | Bought a scroll of remove curse for 39 gold pieces
  3898 | D:12     | Reached ** piety under Beogh
  3908 | D:12     | Found a staircase to the Orcish Mines.
  3909 | D:12     | Found Orulur's Weapon Shop.
  3934 | D:12     | Reached skill level 1 in Invocations
  3969 | D:12     | Reached skill level 13 in Axes
  3987 | D:12     | Noticed Kirke
  4329 | D:11     | Lost mutation: Your muscles are strong. (Str +2) [potion of mutation]
  4329 | D:11     | Lost mutation: Your spells are a little harder to cast, but a little more powerful. [potion of mutation]
  4329 | D:11     | Lost mutation: You have a pair of small horns on your head. [potion of mutation]
  4329 | D:11     | Gained mutation: Your magical capacity is low. (-10% MP) [potion of mutation]
  4329 | D:11     | Gained mutation: You evolve. [potion of mutation]
  4522 | D:12     | Noticed a gargoyle
  4538 | D:12     | Killed a gargoyle
  4657 | D:13     | Noticed a gargoyle
  4669 | D:12     | Noticed a lindwurm
  4749 | D:12     | Reached *** piety under Beogh
  4780 | D:12     | Noticed a harpy
  4780 | D:12     | Noticed a harpy
  4785 | D:12     | Killed Kirke
  4785 | D:12     | Reached skill level 14 in Axes
  4785 | D:12     | Reached XP level 11. HP: 71/94 MP: 6/14
  5167 | D:10     | Bought a scroll of brand weapon for 260 gold pieces
  5178 | D:10     | Found Sipsiso's Armour Shop.
  5283 | Lair:1   | Entered Level 1 of the Lair of Beasts
  5317 | Lair:2   | Noticed a manticore
  5340 | Lair:2   | Killed a manticore
  5351 | Lair:2   | Found a staircase to the Shoals.
  5830 | Lair:4   | Reached skill level 15 in Axes
  5978 | Lair:3   | Noticed Harold
  5994 | Lair:3   | Killed Harold
  6012 | Lair:3   | Gained mutation: You have a pair of small horns on your head. [evolution]
  6107 | Lair:4   | Noticed an eight-headed hydra
  6337 | Lair:4   | Reached XP level 12. HP: 82/104 MP: 17/17
  6380 | Lair:4   | Reached skill level 10 in Invocations
  6420 | Lair:4   | Found a hole to the Spider Nest.
  6635 | Lair:5   | Reached skill level 16 in Axes
  6750 | Lair:6   | Entered Level 6 of the Lair of Beasts
  6750 | Lair:6   | Noticed a six-headed hydra
  6798 | Lair:6   | Noticed an eight-headed hydra
  6805 | Lair:6   | Killed an eight-headed hydra
  6848 | Lair:6   | Found a viscous altar of Jiyva.
  6849 | Lair:6   | Found a staircase to the Slime Pits.
  6902 | Lair:6   | Noticed Yermak's ghost (journeyman SpFi)
  6911 | Lair:6   | Killed Yermak's ghost
  7184 | Orc:1    | Entered Level 1 of the Orcish Mines
  7254 | Orc:1    | Found a roughly hewn altar of Beogh.
  7280 | Orc:1    | Noticed Urug
  7313 | Orc:1    | Killed Urug
  7347 | Orc:2    | Entered Level 2 of the Orcish Mines
  7360 | Orc:2    | Found Nyolef's Distillery.
  7370 | Orc:2    | Found a staircase to the Elven Halls.
  7422 | Orc:2    | Noticed an orc high priest
  7466 | Orc:2    | Found a dark tunnel.
  7540 | Volcano  | Entered a volcano
  7549 | Volcano  | Reached skill level 5 in Dodging
  7591 | Volcano  | Reached skill level 10 in Fighting
  7623 | Volcano  | Noticed a two-headed ogre
  7623 | Volcano  | Noticed a two-headed ogre
  7641 | Volcano  | Reached XP level 13. HP: 63/113 MP: 19/19
  7663 | Volcano  | Reached skill level 17 in Axes
  7917 | Volcano  | Noticed a fire dragon
  7928 | Volcano  | Killed a fire dragon
  8018 | Orc:2    | Found Lyit's Magic Scroll Shoppe.
  8033 | Orc:2    | Noticed Saint Roka
  8147 | D:14     | Found a sparkling altar of Nemelex Xobeh.
  8177 | D:13     | Noticed Rupert
  8191 | D:13     | Killed Rupert
  8449 | D:13     | Noticed Josephine
  8458 | D:13     | Killed Josephine
  8638 | D:15     | Entered Level 15 of the Dungeon
  8641 | D:15     | Gained mutation: You rapidly evolve. [evolution]
  8687 | D:15     | Found a staircase to the Depths.
  8687 | D:15     | Noticed a fire giant
  8723 | D:15     | Noticed Agnes
  8728 | D:15     | Killed Agnes
  8789 | D:14     | Reached XP level 14. HP: 88/122 MP: 13/22
  8802 | D:14     | Found a gate to the Vaults.
  8940 | D:14     | Reached skill level 10 in Armour
  9495 | D:14     | Gained mutation: You are clumsy. (Dex -2) [mutagenic meat]
  9496 | D:14     | Gained mutation: You are partially covered in molten scales. (AC +2) [mutagenic meat]
  9503 | D:14     | Gained mutation: Your spells are a little easier to cast, but a little less powerful. [mutagenic meat]
  9557 | D:15     | Reached skill level 15 in Invocations
  9565 | D:15     | Noticed Louise
  9569 | D:15     | Slain by a five-headed hydra

Vault maps used:
D:1:      scummos_arrival_forest
D:2:      okawaru_trees_2, led_sif_pool, chequers_ecumenical_altar_island,
          serial_park_tiny_1, minmay_stone_trees_medium, grunt_qazlal_clouds
D:3:      first_bread
D:4:      marbit_many_paths, serial_co_window_serial, co_window_corner_a,
          co_window_paths_b, co_window_paths_b, co_window_of_opportunity_a,
          co_window_of_opportunity_a, co_window_corner_cb, co_window_paths_c,
          co_window_broadway_a, co_window_unsneaky_path_c, co_window_paths_c,
          glass_columns_a, glass_columns_a, glass_columns_a, glass_columns_b,
          glass_columns_a, serial_shops, shop
D:5:      minmay_temple_entry_steel_oval
D:6:      uniq_menkaure
D:7:      cheibrodos_grave_circle, nicolae_gozag_seed_capital, bloody_trog,
          chequers_temple_overflow_statue_of_worship, uniq_joseph
D:8:      nicolae_dithmenos_the_darkroom, lemuel_round_altar, lair_entry_dummy,
          minmay_shop_grid_forest
D:9:      kennysheep_mini_moat, serial_shops,
          nicolae_shop_temple_entry_statues_fountains, serial_column_ruins,
          column_ruins_square_huge, column_ruins_grid_1, column_ruins_open_tiny,
          column_ruins_open_medium, column_ruins_columns_straight,
          column_ruins_grid_1, nicolae_zen_rock_garden, uniq_prince_ribbit1,
          uniq_pikel
D:10:     serial_shops, nicolae_shop_waterfront, nicolae_shop_crystal,
          nicolae_shop_trees, abandoned_shop, hangedman_little_slice_of_home
D:11:     basic_altar, hangedman_parallel_progression
D:12:     orc_david_3, uniq_kirke
D:13:     uniq_rupert, uniq_josephine
D:14:     minmay_the_grid_square_5x5_4x4, david_vaults_2, lemuel_tele_altar,
          minivault_22
D:15:     grunt_enter_depths_giant_problem, kennysheep_inner_square, uniq_agnes,
          uniq_louise
Temple:   nicolae_temple_x_marks_the_god
Lair:1:   beast_lair_carwin_6, uniq_sonja
Lair:2:   minmay_shoals_entry_beasts, lemuel_old_faithful
Lair:3:   grunt_megastairs_1, uniq_harold
Lair:4:   spider_nest_entry_web_field
Lair:5:   columned_hall_lemuel, infiniplex_staircase_pool_2, grunt_megastairs_3
Lair:6:   cheibrodos_lair_end_hotspot, slime_altar_1, st_stairs_11
Orc:1:    serial_shops, shop, basic_altar, uniq_urug
Orc:2:    pf_orc_diabolical, serial_shops, shop, enter_volcano_3,
          uniq_saint_roka
Volcano:  pf_volcano_lost_world

Skill      XL: |  1  2  3  4  5  6  7  8  9 10 11 12 13 14 |
---------------+-------------------------------------------+-----
Fighting       | 3 4 6 7 8 9 10 11 | 11.7
Armour         | 2 4 6 7 8 9 10 | 10.6
Dodging        | 1 2 3 4 5 6 7 |  7.4
Maces & Flails | 1 3 |  3.4
Axes           | 5 10 12 14 15 16 17 | 17.9
Invocations    | 7 9 11 14 15 | 15.0
Short Blades   | |  2.0
Throwing       | |  1.7
Stealth        | |  3.2

Action                   |  1- 3 |  4- 6 |  7- 9 | 10-12 | 13-15 || total
-------------------------+-------+-------+-------+-------+-------++-------
Melee: Dagger            |    77 |    99 |       |       |       ||   176
       Flail             |       |    14 |   363 |       |       ||   377
       Broad axe         |       |       |   192 |     6 |   324 ||   522
       Headbutt          |       |       |    17 |    81 |   102 ||   200
       Battleaxe         |       |       |       |   608 |    84 ||   692
 Fire: Blowgun           |    11 |    11 |       |    30 |       ||    52
Throw: Throwing net      |       |       |     3 |       |       ||     3
Invok: Convert to Beogh  |       |       |     1 |       |       ||     1
       Smiting           |       |       |       |    18 |    30 ||    48
Evoke: Wand              |       |       |     6 |     6 |       ||    12
       Lamp of fire      |       |       |     2 |     1 |     1 ||     4
       Phial of floods   |       |       |       |     1 |     1 ||     2
  Use: Scroll            |       |     6 |    17 |    10 |     5 ||    38
       Potion            |       |       |    10 |     6 |     3 ||    19
 Stab: Sleeping          |     3 |       |       |     1 |     3 ||     7
       Held in net/web   |       |       |     1 |       |       ||     1
       Distracted        |       |       |       |     3 |     1 ||     4
  Eat: Royal jelly       |       |     1 |     2 |     6 |     3 ||    12
       Bread ration      |       |       |     1 |     1 |       ||     2
       Chunk             |       |       |     6 |     3 |     6 ||    15
       Fruit             |       |       |       |       |     1 ||     1
Armor: Robe              |     9 |       |       |       |       ||     9
       Ring mail         |     6 |    41 |   160 |       |       ||   207
       Skin              |       |       |    87 |    29 |    21 ||   137
       Plate armour      |       |       |   174 |   153 |    12 ||   339
       Troll leather arm |       |       |       |    39 |    18 ||    57
       Swamp dragon scal |       |       |       |   222 |    11 ||   233
       Fire dragon scale |       |       |       |       |   110 ||   110
Dodge: Dodged            |    33 |    51 |   318 |   424 |   226 ||  1052
